 Dungeon Sprint DCSS version 0.18-a0-246-gbfa2ae1 (webtiles) character file.

264644 Kidiri the Ninja (level 18, -11/116 HPs)
             Began as a Spriggan Enchanter on Nov 25, 2015.
             Was the Champion of Dithmenos.
             Killed from afar by a Hell Sentinel (39 damage)
             ... with a blast of hellfire
             ... in the Dungeon (Sprint III: "The Ten Rune Challenge").
             The game lasted 01:39:47 (17319 turns).

Kidiri the Ninja (Spriggan Enchanter)              Turns: 17319, Time: 01:39:48

Health: -11/116    AC: 15    Str:  4    XL:     18   Next: 27%
Magic:  38/61      EV: 44    Int: 23    God:    Dithmenos [******]
Gold:   3384       SH: 15    Dex: 23    Spells: 16 memorised, 4 levels left

rFire  . . .     SeeInvis +     f - +9 short sword of Quju Codo {freeze, MP+9}
rCold  + . .     Clarity  .     e - +2 robe {rPois}
rNeg   . . .     SustAt   .     a - +2 buckler {rC+}
rPois  +         Gourm    .     j - +0 hat {Int+3}
rElec  +         Spirit   .     A - +2 cloak {MR+}
rCorr  .         Warding  .     (gloves unavailable)
rMut   .         NoTele   +     (boots unavailable)
MR     +++++                    M - amulet of Vitality {Regen+ HP+15}
Stlth  ++++++++++               E - ring "Humnog" {rElec MR+}
                                m - ring "Rohaehat" {Wiz +Fly MR+ Dex+2}

@: stone skin, very slightly contaminated, wreathed by umbra, invisible, very
quick, almost entirely resistant to hostile enchantments, uncannily stealthy
A: unfitting armour, talons 1, large bone plates 1, thin skeletal structure 1,
see invisible, deformed body, dopey 1, herbivore 3, speed 3, high mp 1, poison
resistance, slow regeneration 1, slow metabolism 2
a: Shadow Step, Shadow Form, Renounce Religion, Evoke Flight
}: 4/10 runes: serpentine, barnacled, silver, golden


You were in the Dungeon.
You worshipped Dithmenos.
Dithmenos was exalted by your worship.
You were not hungry.

You visited 1 branch You collected 5060 gold pieces.
You spent 1676 gold pieces at shops.

Inventory:

Hand Weapons
 f - the +9 short sword of Quju Codo (weapon) {freeze, MP+9}
   (You found it in the Dungeon)

   It has been specially enchanted to freeze those struck by it, causing extra
   injury to most foes and up to half again as much damage against particularly
   susceptible opponents.
   It can also slow down cold-blooded creatures.
   It affects your magic capacity (+9).
Missiles
 k - 20 throwing nets (quivered)
Armour
 a - a +2 buckler of cold resistance (worn)
 c - a +0 cloak
 e - a +2 robe of poison resistance (worn)
 j - a +0 hat of intelligence (worn)
 A - a +2 cloak of magic resistance (worn)
 F - the -2 cloak "Byanaub" {rCorr Str+4}
   (You found it in the Dungeon)

   It affects your strength (+4).
   It protects you from acid and corrosion.
Jewellery
 m - the ring "Rohaehat" (left hand) {Wiz +Fly MR+ Dex+2}
   (You bought it in a shop in the Dungeon)

   [ring of wizardry]

   It improves your spell success rate.
   It affects your dexterity (+2).
   It affects your resistance to hostile enchantments.
   It lets you fly.
 x - a +4 ring of dexterity
 E - the ring "Humnog" (right hand) {rElec MR+}
   (You found it in the Dungeon)

   [ring of protection from magic]

   It insulates you from electricity.
   It affects your resistance to hostile enchantments.
 H - an uncursed ring of flight
 M - the amulet of Vitality (around neck) {Regen+ HP+15}
   (You found it in the Dungeon)

   [amulet of regeneration]

   It affects your health (+15).
   It increases your rate of regeneration.
Wands
 y - a wand of magic darts (12)
 D - a wand of heal wounds (4)
Scrolls
 n - a scroll of remove curse
 q - 3 scrolls of torment
 r - 7 scrolls of identify
 u - a scroll of summoning
 w - 4 scrolls of enchant armour
 z - a scroll of vulnerability {unknown}
 B - 3 scrolls of silence
 J - 2 scrolls of amnesia
Potions
 b - 2 potions of might
 d - 8 potions of curing
 g - a potion of haste
 h - 2 potions of magic
 i - 2 potions of berserk rage
 o - 2 potions of brilliance
 p - a potion of agility
 t - 2 potions of cure mutation
 C - 5 potions of flight
 Q - a potion of resistance
Books
 v - a book of Power

   Spells                             Type                      Level
   a - Fulminant Prism                Conjuration/Hexes            4
   b - Iskenderun's Mystic Blast      Conjuration                  4
   c - Venom Bolt                     Conjuration/Poison           5
   d - Bolt of Magma                  Conjuration/Fire/Earth       5
   e - Iron Shot                      Conjuration/Earth            6
   f - Orb of Destruction             Conjuration                  7
   g - Spellforged Servitor           Conjuration/Summoning        7
Comestibles
 l - 5 fruits
 s - 30 royal jellies


   Skills:
 + Level 13.9 Fighting
 * Level 23.1 Short Blades
 + Level 13.0 Armour
 O Level 27 Dodging
 O Level 27 Stealth
 * Level 14.4 Shields
 * Level 24.8 Spellcasting
 + Level 12.7 Conjurations
 + Level 18.9 Hexes
 + Level 21.0 Translocations
 + Level 16.5 Transmutations
 + Level 13.8 Ice Magic
 + Level 12.4 Earth Magic
 - Level 2.3 Invocations


You had 4 spell levels left.
You knew the following spells:

 Your Spells              Type           Power        Failure   Level  Hunger
a - Corona                Hex            #######      0%          1    None
b - Ensorcelled Hibernat  Hex/Ice        ######       0%          2    None
c - Confuse               Hex            #######.     0%          3    None
d - Tukima's Dance        Hex            #######.     0%          3    None
e - Dazzling Spray        Conj/Hex       #######.     0%          3    None
f - Apportation           Tloc           #######...   0%          1    None
g - Invisibility          Hex            #######.     1%          6    None
h - Stoneskin             Trmt/Erth      #######.     0%          2    None
i - Passwall              Trmt/Erth      #######...   0%          3    None
j - Stone Arrow           Conj/Erth      ######       1%          3    None
k - Petrify               Trmt/Erth      #######.     1%          4    None
l - Lee's Rapid Deconstr  Erth           ######....   1%          5    None
m - Cause Fear            Hex            #######...   0%          4    None
n - Controlled Blink      Tloc           N/A          1%          8    #####..
o - Disjunction           Tloc           #######...   1%          8    #####..
p - Iron Shot             Conj/Erth      ######....   1%          6    None


Dungeon Overview and Level Annotations

Branches:
Dungeon (1/1)

Altars:
Cheibriados
Dithmenos
Elyvilon
Fedhas
Gozag
Kikubaaqudgha
Makhleb
Nemelex Xobeh
Okawaru
Qazlal
Ru
Sif Muna
Trog
Vehumet
Xom
Yredelemnul
Zin
The Shining One
Jiyva
Lugonu

Shops:
D !:[(!(}[}%%[?[!:*%[(}[=}


Innate Abilities, Weirdness & Mutations

You are tiny and cannot use many weapons and most armour.
You have supernaturally acute eyesight.
You are a herbivore.
You cover ground extremely quickly.
You need consume almost no food.
You have sharp toenails.
You are partially covered in large bone plates (AC +2, SH +2).
You have a somewhat thin skeletal structure (Dex +2, Stealth).
Armour fits poorly on your strangely shaped body.
You are dopey. (Int -2)
You have an increased reservoir of magic (+10% MP).
Your system is resistant to poisons.
You regenerate slowly when monsters are visible.


Message History

The hellfire explodes!
The blast of hellfire engulfs you!
* * * LOW HITPOINT WARNING * * *
The blast of hellfire engulfs the Hell Sentinel.
The Hell Sentinel completely resists.
The blast of hellfire engulfs the Hell Sentinel.
The Hell Sentinel completely resists.
The Hell Sentinel hits you but does no damage.
You block the Hell Sentinel's attack.
Unknown command.
The Hell Sentinel roars!
You hit the Hell Sentinel.
You claw the Hell Sentinel, but do no damage.
The Hell Sentinel is lightly wounded.
Your shadow hits the Hell Sentinel but does no damage.
Unknown command.
You hit the Hell Sentinel.
The Hell Sentinel is lightly wounded.
The Hell Sentinel gestures at you.
The hellfire explodes!
The blast of hellfire engulfs you!
You die...

***** #∩...........
##........... ############
##############*************
#.+%.#^......#*≈,,,,,,,,,,,
#.#..+..####'#*≈≈,,,,,,****
#^####.^#§§§§#*≈≈≈≈,,,,≈≈≈≈
#.#..##+#1§§§#*,≈≈≈≈≈≈≈≈≈≈,
#.#..#.^#1@§§#*,≈≈≈≈≈≈≈≈≈≈,
#^+..#.^#§§§§#*,,,≈≈≈≈≈≈,,,
######''######*,,,,,≈≈,,,,,
##)#)#.)#)#)##*,,,,,,,,,,,,
#......^.^^.^#*8,,,,,,,,,,8
*######+#############+######
*...........)().((..........
*...........)()))...........
*.............})(...(.......


You could see 2 Hell Sentinels.

Vanquished Creatures
  Dispater (D)
  An ancient lich (D)
  Mara (D)
  Mennas (D)
  2 greater mummies (D)
  Boris (D)
  An iron giant (D)
  Norris (D)
  A Killer Klown (D)
  Geryon (D)
  A golden dragon (D)
  2 liches (D)
  Rupert (D)
  A Hell Sentinel (D)
  2 Orb Guardians (D)
  A quicksilver dragon (D)
  A titan (D)
  A deep elf master archer (D)
  3 deep elf blademasters (D)
  Frances (D)
  A kraken (D)
  An Executioner (D)
  An ancient champion (D)
  Gastronok (D)
  Chuck (D)
  2 sphinxes (D)
  4 shadow dragons (D)
  Roxanne (D)
  4 azure jellies (D)
  2 fire giants (D)
  A greater naga (D)
  3 frost giants (D)
  Maud (D)
  An iron dragon (D)
  A draconian knight (D)
  Wiglaf (D)
  4 war gargoyles (D)
  A stone giant (D)
  Nessos (D)
  2 vampire knights (D)
  A yellow draconian (D)
  Azrael (D)
  2 dire elephants (D)
  A deep elf annihilator (D)
  3 deep elf demonologists (D)
  A deep elf death mage (D)
  7 mummy priests (D)
  Erolcha (D)
  16 vault guards (D)
  A fire dragon (D)
  2 hydras (D)
  A deep elf high priest (D)
  4 yaktaur captains (D)
  7 anacondas (D)
  2 centaur warriors (D)
  A naga warrior (D)
  2 hell beasts (D)
  An alligator snapping turtle (D)
  6 dancing weapons (D)
  An ogre mage (D)
  2 iron elementals (D)
  2 titan zombies (D)
  4 death yaks (D)
  2 sun demons (D)
  3 soul eaters (D)
  4 hell knights (D)
  2 iron golems (D)
  4 deep elf knights (D)
  A sea snake (shapeshifter) (D)
  A shadow wraith (D)
  6 skeletal warriors (D)
  A death drake (D)
  2 anaconda zombies (D)
  A deep elf summoner (D)
  A spriggan druid (D)
  A giant orange brain (D)
  A lindwurm (D)
  2 obsidian statues (D)
  2 deep elf conjurers (D)
  A shining eye (shapeshifter) (D)
  An orc knight (D)
  2 ugly things (D)
  2 oklob plants (D)
  4 crystal guardians (D)
  A shining eye (D)
  2 elephants (D)
  A hornet (D)
  A sixfirhy (D)
  A moth of wrath (D)
  An elephant (shapeshifter) (D)
  6 black mambas (D)
  2 orc sorcerers (D)
  A molten gargoyle (D)
  3 rust devils (D)
  2 iron troll simulacra (D)
  8 statues (D)
  A guardian serpent (D)
  2 spiny frogs (D)
  7 yaktaurs (D)
  A komodo dragon (D)
  14 guardian mummies (D)
  2 ice devils (D)
  An anaconda simulacrum (D)
  A queen bee (D)
  3 wandering mushrooms (D)
  A deep elf priest (D)
  A fire drake (D)
  4 spriggan defenders (D)
  2 giant leeches (D)
  14 slime creatures (D)
  8 blink frogs (D)
  3 orc high priests (D)
  5 snapping turtles (D)
  2 spriggans (D)
  A shadow (D)
  2 trapdoor spiders (D)
  4 redbacks (D)
  A golden eye (D)
  2 nagas (D)
  A spatial vortex (D)
  2 hill giants (D)
  2 hydra simulacra (D)
  3 water moccasins (D)
  A swamp drake (D)
  2 wasps (D)
  A fire dragon simulacrum (D)
  2 orc warriors (D)
  A necrophage (D)
  2 two-headed ogres (D)
  A water elemental (D)
  31 killer bees (D)
  An electric eel (D)
  An orc wizard (D)
  A jelly (D)
  3 orc priests (D)
  Jessica (D)
  2 necromancers (D)
  2 wolf simulacra (D)
  A kobold demonologist (D)
  A wizard (D)
  3 humans (D)
  An adder (D)
  2 giant eyeballs (D)
  An ooze (D)
  A phantom (D)
  11 orcs (D)
  2 rats (D)
  8 bushes (D)
  6 butterflies (D)
  23 plants (D)
403 creatures vanquished.

Vanquished Creatures (collateral kills)
  A vault guard (D)
  A two-headed ogre (D)
  A butterfly (D)
3 creatures vanquished.

Vanquished Creatures (others)
  2 draconian scorchers (D)
  A stone giant (D)
  5 dancing weapons (D)
  6 yaktaurs (D)
  A killer bee (D)
  A giant spore (D)
  7 plants (D)
23 creatures vanquished.

Grand Total: 429 creatures vanquished

Notes
Turn   | Place    | Note
--------------------------------------------------------------
     0 | D        | Kidiri the Spriggan Enchanter began the quest for the Orb.
     0 | D        | Reached XP level 1. HP: 9/9 MP: 5/5
    11 | D        | Reached skill level 5 in Stealth
    31 | D        | Noticed Jessica
    36 | D        | Killed Jessica
    36 | D        | Reached skill level 1 in Fighting
    36 | D        | Reached skill level 1 in Armour
    36 | D        | Reached skill level 6 in Stealth
    36 | D        | Reached XP level 2. HP: 12/14 MP: 6/8
    36 | D        | Reached XP level 3. HP: 15/18 MP: 6/9
    40 | D        | Learned a level 2 spell: Ensorcelled Hibernation
    44 | D        | Learned a level 3 spell: Confuse
    48 | D        | Learned a level 3 spell: Dazzling Spray
    82 | D        | Reached skill level 5 in Dodging
    96 | D        | Killed a yaktaur
   101 | D        | Gained mutation: You are partially covered in large bone plates (AC +2, SH +2). [potion of mutation]
   101 | D        | Gained mutation: You have a somewhat thin skeletal structure (Dex +2, Stealth). [potion of mutation]
   101 | D        | Gained mutation: You regenerate slowly when monsters are visible. [potion of mutation]
   102 | D        | Gained mutation: You have an increased reservoir of magic (+10% MP). [potion of mutation]
   102 | D        | Gained mutation: Your system is resistant to poisons. [potion of mutation]
   102 | D        | Gained mutation: You have sharp toenails. [potion of mutation]
   114 | D        | Noticed a water elemental
   116 | D        | Killed a water elemental
   116 | D        | Reached skill level 7 in Stealth
   116 | D        | Reached skill level 5 in Spellcasting
   116 | D        | Reached skill level 1 in Conjurations
   116 | D        | Reached skill level 1 in Ice Magic
   116 | D        | Reached XP level 4. HP: 23/23 MP: 11/13
   121 | D        | Learned a level 3 spell: Tukima's Dance
   136 | D        | Noticed a shadow
   138 | D        | Killed a shadow
   138 | D        | Reached skill level 5 in Short Blades
   138 | D        | Reached skill level 8 in Dodging
   138 | D        | Reached skill level 9 in Stealth
   138 | D        | Reached skill level 5 in Hexes
   138 | D        | Reached XP level 5. HP: 27/27 MP: 14/16
   138 | D        | Reached XP level 6. HP: 32/32 MP: 15/18
   173 | D        | Found a stormy altar of Qazlal.
   174 | D        | Found a sacrificial altar of Ru.
   174 | D        | Found a burning altar of Makhleb.
   174 | D        | Found a viscous altar of Jiyva.
   174 | D        | Found a shimmering altar of Xom.
   174 | D        | Found a shadowy altar of Dithmenos.
   174 | D        | Found a sparkling altar of Nemelex Xobeh.
   174 | D        | Found a corrupted altar of Lugonu.
   174 | D        | Found an opulent altar of Gozag.
   174 | D        | Noticed a spatial vortex
   178 | D        | Became a worshipper of Dithmenos the Shadowed
   189 | D        | Killed a white draconian scorcher
   223 | D        | Killed a spatial vortex
   223 | D        | Reached skill level 1 in Invocations
   302 | D        | Killed a white draconian scorcher
   332 | D        | Found a radiant altar of Vehumet.
   333 | D        | Found a deep blue altar of Sif Muna.
   333 | D        | Found an ancient bone altar of Kikubaaqudgha.
   336 | D        | Reached skill level 10 in Stealth
   366 | D        | Learned a level 1 spell: Apportation
   373 | D        | Learned a level 6 spell: Invisibility
   434 | D        | Found a glowing silver altar of Zin.
   435 | D        | Found a glowing golden altar of the Shining One.
   435 | D        | Found a white marble altar of Elyvilon.
   435 | D        | Noticed a deep elf priest
   437 | D        | Killed a deep elf priest
   437 | D        | Reached * piety under Dithmenos
   437 | D        | Reached XP level 7. HP: 36/36 MP: 21/21
   449 | D        | Found an iron altar of Okawaru.
   450 | D        | Found a bloodstained altar of Trog.
   450 | D        | Noticed a human
   450 | D        | Noticed a human
   452 | D        | Killed a human
   452 | D        | Reached skill level 10 in Dodging
   452 | D        | Reached skill level 11 in Stealth
   453 | D        | Killed a human
   491 | D        | Found a snail-covered altar of Cheibriados.
   492 | D        | Found a basalt altar of Yredelemnul.
   492 | D        | Found a blossoming altar of Fedhas.
   493 | D        | Reached ** piety under Dithmenos
   493 | D        | Reached XP level 8. HP: 42/42 MP: 21/23
   623 | D        | Reached *** piety under Dithmenos
   754 | D        | Noticed Erolcha
   756 | D        | Killed Erolcha
   756 | D        | Reached skill level 12 in Stealth
   756 | D        | Reached skill level 5 in Translocations
   756 | D        | Reached XP level 9. HP: 46/46 MP: 24/26
   772 | D        | Reached **** piety under Dithmenos
   772 | D        | Reached skill level 13 in Stealth
   772 | D        | Reached skill level 10 in Spellcasting
   967 | D        | Reached ***** piety under Dithmenos
   969 | D        | Reached skill level 5 in Fighting
  1168 | D        | Reached ****** piety under Dithmenos
  1222 | D        | HP: 2/47 [killer bee (12)]
  1482 | D        | Reached skill level 14 in Stealth
  1482 | D        | Reached skill level 5 in Ice Magic
  1495 | D        | Reached XP level 10. HP: 51/51 MP: 18/28
  1505 | D        | Reached skill level 10 in Short Blades
  1794 | D        | Reached skill level 5 in Armour
  1860 | D        | Reached skill level 15 in Stealth
  1877 | D        | Reached skill level 5 in Conjurations
  1930 | D        | Noticed a lindwurm
  1933 | D        | Killed a lindwurm
  1943 | D        | Noticed Maud
  1945 | D        | Killed Maud
  1945 | D        | Reached XP level 11. HP: 57/57 MP: 29/31
  1957 | D        | Noticed a five-headed hydra
  1957 | D        | Noticed an eight-headed hydra
  1960 | D        | Killed a five-headed hydra
  1960 | D        | Reached skill level 16 in Stealth
  1961 | D        | Killed an eight-headed hydra
  1961 | D        | Reached skill level 15 in Dodging
  1997 | D        | Noticed a death drake
  2000 | D        | Killed a death drake
  2010 | D        | Found a blossoming altar of Fedhas.
  2010 | D        | Noticed a spriggan druid
  2012 | D        | Killed a spriggan druid
  2135 | D        | Noticed a kraken
  2145 | D        | Noticed an alligator snapping turtle
  2145 | D        | Found Raamaiw's Antique Weapon Emporium.
  2145 | D        | Found Gockag's Distillery.
  2145 | D        | Found Puim's Gadget Boutique.
  2146 | D        | Reached skill level 10 in Hexes
  2149 | D        | Killed an alligator snapping turtle
  2149 | D        | Reached skill level 10 in Translocations
  2155 | D        | Reached skill level 17 in Stealth
  2208 | D        | Killed a kraken
  2219 | D        | Got a barnacled rune of Zot
  2466 | D        | Reached XP level 12. HP: 63/63 MP: 29/34
  2487 | D        | Noticed Rupert
  2489 | D        | Killed Rupert
  2489 | D        | Reached skill level 18 in Stealth
  2509 | D        | Noticed an azure jelly
  2509 | D        | Noticed an azure jelly
  2549 | D        | Noticed an anaconda
  2549 | D        | Noticed an anaconda
  2551 | D        | Killed an anaconda
  2553 | D        | Killed an anaconda
  2553 | D        | Reached skill level 19 in Stealth
  2553 | D        | Reached skill level 15 in Spellcasting
  2575 | D        | Noticed an anaconda
  2575 | D        | Noticed an anaconda
  2575 | D        | Noticed an anaconda
  2576 | D        | Noticed an anaconda
  2577 | D        | Killed an anaconda
  2582 | D        | Killed an anaconda
  2586 | D        | Killed an anaconda
  2920 | D        | Killed an anaconda
  2972 | D        | Noticed an anaconda
  2974 | D        | Killed an anaconda
  2974 | D        | Reached XP level 13. HP: 66/68 MP: 31/36
  3003 | D        | Noticed a greater naga
  3003 | D        | Found Lijuypsu's Distillery.
  3003 | D        | Found Deotu's Book Emporium.
  3003 | D        | Found Hanin's Antique Armour Shop.
  3006 | D        | Killed a greater naga
  3008 | D        | Reached skill level 20 in Stealth
  3027 | D        | Got a serpentine rune of Zot
  3103 | D        | Noticed an azure jelly
  3103 | D        | Noticed an azure jelly
  3104 | D        | Noticed a dire elephant
  3104 | D        | Noticed a dire elephant
  3104 | D        | Noticed Gastronok
  3106 | D        | Killed Gastronok
  3107 | D        | Killed a dire elephant
  3109 | D        | Killed a dire elephant
  3133 | D        | Gained mutation: Armour fits poorly on your strangely shaped body. [potion of mutation]
  3302 | D        | Found Laguutauho's Antique Weapon Shop.
  3676 | D        | Bought a book of Geomancy for 490 gold pieces
  3721 | D        | Learned a level 2 spell: Stoneskin
  3725 | D        | Learned a level 3 spell: Passwall
  3729 | D        | Learned a level 3 spell: Stone Arrow
  3734 | D        | Learned a level 4 spell: Petrify
  3740 | D        | Learned a level 5 spell: Lee's Rapid Deconstruction
  3921 | D        | Noticed a deep elf demonologist
  3926 | D        | Reached skill level 15 in Short Blades
  3946 | D        | Reached skill level 1 in Transmutations
  3954 | D        | Reached skill level 1 in Earth Magic
  4038 | D        | Noticed a deep elf demonologist
  4233 | D        | Noticed a deep elf master archer
  4404 | D        | Noticed a deep elf annihilator
  4407 | D        | Reached skill level 1 in Shields
  4574 | D        | Killed a deep elf demonologist
  4576 | D        | Noticed a deep elf demonologist
  4727 | D        | Killed a deep elf demonologist
  4727 | D        | Reached skill level 21 in Stealth
  4733 | D        | Got a slimy hand axe {venom}
  4787 | D        | Identified the +5 hand axe "Hurhuma" {venom, Int+3 Dex-4} (You took it off a deep elf demonologist in the Dungeon)
  5017 | D        | Identified a +2 rod of shadows (12/12) (You took it off a deep elf high priest in the Dungeon)
  5057 | D        | Got a polished short sword {speed}
  5058 | D        | Identified the +4 short sword of Somoid {speed, *Drain rN+++ MR+ Dex-3} (You took it off a deep elf death mage in the Dungeon)
  5254 | D        | Noticed an Ice Fiend
  5255 | D        | Noticed a balrug
  6028 | D        | Killed a deep elf master archer
  6033 | D        | Got a heavily runed chain mail
  6162 | D        | Killed a deep elf demonologist
  6168 | D        | Got an encrusted spear {vamp}
  6282 | D        | Killed a deep elf annihilator
  6417 | D        | Identified the Disquisition on Transmigration
  6537 | D        | Learned a level 4 spell: Cause Fear
  6603 | D        | Noticed Wiglaf
  6603 | D        | Noticed Frances
  6612 | D        | Killed Frances
  6612 | D        | Reached XP level 14. HP: 63/75 MP: 26/39
  6616 | D        | Killed Wiglaf
  6776 | D        | Found Etesur's Food Emporium.
  6776 | D        | Found Ciwkojee's Antique Weapon Shop.
  6776 | D        | Found Goclekug's Gadget Shoppe.
  6776 | D        | Found Voeg Feu's Assorted Antiques.
  6776 | D        | Found Gerown's Armour Emporium.
  6776 | D        | Found Etoade's Jewellery Shop.
  6776 | D        | Found Kegearaemp's Antique Armour Emporium.
  6776 | D        | Found Quodi's Gadget Boutique.
  6777 | D        | Found Begaq's Book Boutique.
  6777 | D        | Found Utuanod's Distillery.
  6777 | D        | Found Loyreosym's Armour Shop.
  6777 | D        | Found Loyreosym's Magic Scroll Emporium.
  6791 | D        | Bought a scroll of identify for 26 gold pieces
  6791 | D        | Bought a scroll of identify for 26 gold pieces
  6791 | D        | Bought a scroll of identify for 26 gold pieces
  6791 | D        | Bought a scroll of identify for 26 gold pieces
  6821 | D        | Bought the ring "Rohaehat" {Wiz +Fly MR+ Dex+2} for 635 gold pieces
  7080 | D        | Reached skill level 5 in Transmutations
  7152 | D        | Reached skill level 22 in Stealth
  7161 | D        | Got an ivory rapier
  7162 | D        | Identified the +1 rapier of Gappaus {freeze, rC+ SInv} (You found it in the Dungeon)
  7180 | D        | Learned a level 8 spell: Controlled Blink
  7504 | D        | Noticed Azrael
  7506 | D        | Killed Azrael
  7841 | D        | Reached skill level 5 in Shields
  8286 | D        | Noticed Chuck
  8303 | D        | Killed Chuck
  8418 | D        | Noticed Norris
  8421 | D        | Killed Norris
  8421 | D        | Reached skill level 5 in Earth Magic
  8437 | D        | Noticed a lich
  8441 | D        | Killed a lich
  8450 | D        | Noticed a shadow dragon
  8451 | D        | Noticed a shadow dragon
  8453 | D        | Killed a shadow dragon
  8453 | D        | Reached skill level 10 in Fighting
  8453 | D        | Reached skill level 23 in Stealth
  8454 | D        | Killed a shadow dragon
  8477 | D        | Reached XP level 15. HP: 80/80 MP: 34/42
  8638 | D        | Reached skill level 15 in Translocations
  8638 | D        | Reached skill level 10 in Ice Magic
  8737 | D        | Noticed a lich
  8739 | D        | Killed a lich
  8763 | D        | Noticed a sphinx
  8763 | D        | Noticed a sphinx
  8766 | D        | Killed a sphinx
  8767 | D        | Killed a sphinx
  9169 | D        | Noticed a greater mummy
  9169 | D        | Noticed a greater mummy
  9426 | D        | Reached skill level 24 in Stealth
 10340 | D        | Killed a greater mummy
 10378 | D        | Killed a greater mummy
 10378 | D        | Reached skill level 10 in Armour
 10396 | D        | Got a golden rune of Zot
 10401 | D        | Got a scorched short sword
 10402 | D        | Identified the +9 short sword of Quju Codo {freeze, MP+9} (You found it in the Dungeon)
 10672 | D        | Noticed a shadow dragon
 10673 | D        | Noticed a golden dragon
 10673 | D        | Noticed a quicksilver dragon
 10673 | D        | Noticed a titan
 10673 | D        | Noticed a shadow dragon
 10681 | D        | Reached skill level 10 in Transmutations
 10841 | D        | Killed a golden dragon
 10841 | D        | Reached skill level 15 in Hexes
 10938 | D        | Reached skill level 10 in Conjurations
 11053 | D        | Reached skill level 25 in Stealth
 11466 | D        | Killed a shadow dragon
 11466 | D        | Reached XP level 16. HP: 68/76 MP: 21/45
 11774 | D        | Killed a titan
 12080 | D        | Got a glittering brass ring
 12105 | D        | Identified the ring of Myuchush {-Tele rElec rC+ Int-2 SInv} (You took it off a vault guard in the Dungeon)
 12445 | D        | Killed a quicksilver dragon
 12445 | D        | Reached skill level 10 in Shields
 12779 | D        | Reached skill level 26 in Stealth
 12795 | D        | Got a silver rune of Zot
 12832 | D        | Learned a level 8 spell: Disjunction
 12899 | D        | Got a warped blowgun
 12900 | D        | Identified the +2 blowgun of the Rattle-Snake {speed, rPois rC- Dex+4 Stlth-} (You took it off a vault guard in the Dungeon)
 13744 | D        | Bought a potion of curing for 42 gold pieces
 13744 | D        | Bought a potion of curing for 42 gold pieces
 13744 | D        | Bought a potion of agility for 56 gold pieces
 13744 | D        | Bought a potion of agility for 56 gold pieces
 13744 | D        | Bought a potion of curing for 42 gold pieces
 14164 | D        | Got a shimmering lead ring
 14192 | D        | Identified the ring "Humnog" {rElec MR+} (You found it in the Dungeon)
 14246 | D        | Bought a potion of curing for 33 gold pieces
 14246 | D        | Bought a potion of heal wounds for 55 gold pieces
 14246 | D        | Bought a potion of flight for 33 gold pieces
 14246 | D        | Bought a potion of heal wounds for 55 gold pieces
 14246 | D        | Bought a potion of curing for 33 gold pieces
 14478 | D        | Found Zymar's Gadget Emporium.
 14478 | D        | Found Soq Zus's Food Shop.
 14478 | D        | Found Tokaf's Food Shop.
 14478 | D        | Found Tasiuc's Armour Shoppe.
 14493 | D        | Found Tahuj's Armour Boutique.
 14638 | D        | Noticed Boris
 14641 | D        | Killed Boris
 14900 | D        | Noticed Mara
 14903 | D        | Killed Mara
 14903 | D        | Reached skill level 27 in Stealth
 15137 | D        | Noticed an ancient champion
 15138 | D        | Killed an ancient champion
 15138 | D        | Reached XP level 17. HP: 93/93 MP: 48/48
 15196 | D        | Noticed Roxanne
 15203 | D        | Killed Roxanne
 15203 | D        | Reached skill level 10 in Earth Magic
 15208 | D        | Identified Roxanne's Incunabulum of Dusty Moulding (You took it off Roxanne in the Dungeon)
 15304 | D        | Noticed Mennas
 15306 | D        | Killed Mennas
 15759 | D        | Noticed Nessos
 15761 | D        | Killed Nessos
 16037 | D        | Noticed a Killer Klown
 16039 | D        | Killed a Killer Klown
 16195 | D        | Noticed an Orb Guardian
 16195 | D        | Noticed an Orb Guardian
 16197 | D        | Killed an Orb Guardian
 16198 | D        | Killed an Orb Guardian
 16216 | D        | Noticed an ancient lich
 16218 | D        | Killed an ancient lich
 16218 | D        | Reached skill level 27 in Dodging
 16218 | D        | Reached skill level 15 in Transmutations
 16232 | D        | Learned a level 6 spell: Iron Shot
 16707 | D        | Noticed Geryon
 16730 | D        | Killed Geryon
 16807 | D        | Gained mutation: You are dopey. (Int -2) [mutagenic glow]
 17027 | D        | Noticed an iron giant
 17033 | D        | Killed an iron giant
 17033 | D        | Reached XP level 18. HP: 97/97 MP: 47/51
 17228 | D        | Got a shimmering cloak
 17239 | D        | Identified the -2 cloak "Byanaub" {rCorr Str+4} (You found it in the Dungeon)
 17310 | D        | Noticed Dispater
 17315 | D        | Killed Dispater
 17319 | D        | Killed from afar by a Hell Sentinel

Vault maps used:
D:        dungeon_sprint_mu

Action                   |  1- 3 |  4- 6 |  7- 9 | 10-12 | 13-15 | 16-18 || total
-------------------------+-------+-------+-------+-------+-------+-------++-------
Melee: Dagger            |     7 |    28 |    85 |    71 |    48 |       ||   239
       Short sword       |       |       |       |       |    42 |   313 ||   355
       Rapier            |       |       |       |       |   358 |       ||   358
       Hand axe          |       |       |       |       |     1 |       ||     1
Throw: Throwing net      |       |       |       |       |     8 |     9 ||    17
 Cast: Dazzling Spray    |       |     8 |     9 |    22 |   182 |   116 ||   337
       Ensorcelled Hiber |       |     2 |    32 |    17 |    14 |    19 ||    84
       Tukima's Dance    |       |       |     2 |       |    10 |    13 ||    25
       Confuse           |       |       |     5 |     2 |    13 |     7 ||    27
       Corona            |       |       |     4 |       |     1 |     1 ||     6
       Invisibility      |       |       |       |     2 |     4 |     7 ||    13
       Apportation       |       |       |       |       |    25 |       ||    25
       Stone Arrow       |       |       |       |       |    12 |    20 ||    32
       Lee's Rapid Decon |       |       |       |       |    18 |    58 ||    76
       Stoneskin         |       |       |       |       |     2 |     3 ||     5
       Passwall          |       |       |       |       |       |     1 ||     1
       Iron Shot         |       |       |       |       |       |     3 ||     3
Invok: Shadow Step       |       |       |       |    17 |    15 |    17 ||    49
 Abil: Evoke Flight      |       |       |       |       |     6 |     1 ||     7
       Stop Flying       |       |       |       |       |     1 |       ||     1
Evoke: Wand              |       |       |       |       |       |     1 ||     1
  Use: Potion            |     2 |       |     3 |     1 |     4 |     4 ||    14
       Scroll            |     2 |       |       |     1 |    13 |     5 ||    21
 Stab: Sleeping          |     6 |     3 |    29 |    55 |    62 |    53 ||   208
       Invisible         |       |     1 |     4 |     4 |    33 |    24 ||    66
       Confused          |       |       |     1 |       |     4 |     3 ||     8
       Held in net/web   |       |       |       |       |     8 |     4 ||    12
       Distracted        |       |       |       |       |     1 |     1 ||     2
  Eat: Bread ration      |       |       |       |     1 |     1 |     1 ||     3
       Fruit             |       |       |       |       |     5 |       ||     5
